Map: Bel'Shir Vestige LE (Void)

Players

Ryung - Winner!

  • Race: Terran Terran
  • Spawn Location: 5:00

PtitDrogo

  • Race: Protoss Protoss
  • Spawn Location: 11:00

Event: IEM XI Katowice - World Championship 2017

VOD

https://youtu.be/3duY-n3b8WE

Description

Time

  • Played on: Feb. 28, 2017, 11:28 a.m.
  • Length: 9:47

All games in this series

Show
View Real Time Build Order
Export as new Build Order

Ryung Terran - Winner!

Build Orders: Reaper Expand, MMM Bio 

Get SALT Encoding   

  12  0:00  SCV  
  13  0:13  SCV  
  14  0:17  Supply Depot  
  14  0:25  SCV  
  14  0:27  Refinery  
  15  0:39  SCV  
  16  0:43  Barracks  
  16  0:51  SCV  
  17  1:03  SCV  
  18  1:15  SCV  
  19  1:29  Orbital Command  
  19  1:30  Reaper  
  20  1:40  Command Center  
  20  1:51  Factory  
  20  1:55  SCV  
  20  2:01  Refinery  
  21  2:06  Barracks Reactor  
  21  2:07  SCV  
  22  2:11  Supply Depot  
  22  2:19  SCV  
  23  2:33  SCV  
  23  2:35  Starport  
  24  2:40  Widow Mine  
  24  2:41  Marine x2  
  28  2:47  SCV  
  29  2:53  Orbital Command  
  29  2:59  Marine x2, SCV  
  32  3:09  Widow Mine  
  32  3:11  SCV  
  32  3:12  Medivac  
  37  3:17  Marine x2  
  37  3:19  SCV  
  40  3:23  SCV  
  41  3:27  Supply Depot  
  41  3:31  SCV  
  42  3:38  Factory Tech Lab, SCV  
  42  3:40  Barracks  
  43  3:42  Marine x2  
  43  3:43  SCV  
  45  3:51  SCV  
  45  3:55  SCV  
  47  3:57  Supply Depot, Siege Tank  
  47  4:00  Marine x2  
  52  4:04  SCV  
  52  4:07  SCV  
  54  4:20  SCV x2  
  54  4:23  Marine x2  
  56  4:28  Barracks Tech Lab  
  56  4:29  Engineering Bay, Refinery  
  56  4:30  Barracks  
  56  4:32  SCV x2  
  56  4:38  Siege Tank  
  56  4:44  Supply Depot, SCV x2  
  61  4:47  Stimpack  
  61  4:53  Marine  
  61  4:55  Terran Infantry Weapons Level 1, Starport Reactor  
  62  5:02  Marine  
  62  5:05  Marine, SCV x2  
  65  5:09  Refinery  
  65  5:10  Supply Depot  
  65  5:14  Supply Depot  
  65  5:17  Siege Tank, SCV x2  
  70  5:25  Barracks Tech Lab  
  70  5:31  Barracks  
  70  5:32  SCV x2  
  72  5:36  Marine x3  
  72  5:37  Barracks  
  72  5:42  Supply Depot, Medivac  
  77  5:44  SCV x2  
  77  5:45  Medivac  
  77  5:48  Combat Shields  
  81  5:56  Supply Depot, Siege Tank  
  84  5:57  Liberator  
  84  5:59  SCV x2  
  84  6:04  Marine x3  
  85  6:08  Supply Depot  
  88  6:14  Liberator, Supply Depot  
  91  6:19  Barracks Reactor  
  91  6:24  Marine x3  
  95  6:26  Barracks Reactor  
  95  6:29  Supply Depot  
  96  6:35  Supply Depot  
  96  6:48  Liberator  
  96  6:52  Widow Mine, Marauder x3  
  96  6:53  Widow Mine  
  106  6:59  Terran Infantry Armor Level 1  
  106  7:00  Supply Depot  
  106  7:05  Supply Depot  
  106  7:06  Liberator, Marine x4  
  113  7:10  Concussive Shells  
  113  7:21  Command Center  
  113  7:28  Marine x2  
  113  7:29  Marine  
  119  7:31  Marine x2  
  119  7:35  Marauder  
  123  7:42  Widow Mine x2  
  127  7:51  Liberator  
  127  7:53  Liberator  
  127  7:54  Marine x4, Marauder x2  
  134  8:08  Marauder  
  141  8:13  Supply Depot  
  141  8:15  Marauder  
  141  8:19  Marine x3, Marauder  
  144  8:29  Marauder  
  144  8:31  Marine  
  142  8:34  Widow Mine x2  
  142  8:37  Marine, Marauder  
  142  8:39  Liberator  
  142  8:40  Marauder  
  151  8:47  Liberator  
  136  8:51  Marauder  
  118  8:58  Marauder  
  118  8:59  Orbital Command  
  118  9:02  Marauder  
  125  9:03  Widow Mine x2  
  132  9:12  Marauder  
  133  9:24  Marine x4, Marauder  
  133  9:25  Marauder  
  131  9:45  Armory  
  131  9:46  Engineering Bay  
Show
View Real Time Build Order
Export as new Build Order

PtitDrogo Protoss 

Build Orders: 1 Gate Expand, Colossus Rush 

Get SALT Encoding   

  12  0:00  Probe (Chrono Boost)  
  13  0:11  Probe (Chrono Boost)  
  14  0:18  Pylon  
  14  0:22  Probe (Chrono Boost)  
  15  0:36  Probe (Chrono Boost)  
  15  0:37  Gateway  
  15  0:40  Assimilator  
  16  0:47  Probe (Chrono Boost)  
  17  0:57  Probe (Chrono Boost)  
  18  1:08  Probe (Chrono Boost)  
  19  1:18  Nexus  
  19  1:20  Probe (Chrono Boost)  
  20  1:29  Cybernetics Core  
  21  1:33  Probe (Chrono Boost)  
  21  1:37  Assimilator  
  21  1:43  Probe (Chrono Boost)  
  22  1:48  Pylon  
  22  1:54  Probe (Chrono Boost)  
  23  2:06  Adept, Mothership Core (Chrono Boost)  
  23  2:08  Warp Gate  
  27  2:26  Probe (Chrono Boost)  
  28  2:30  Probe (Chrono Boost)  
  30  2:37  Probe (Chrono Boost)  
  30  2:38  Robotics Facility  
  30  2:41  Adept, Probe (Chrono Boost)  
  33  2:47  Probe (Chrono Boost)  
  35  2:51  Probe (Chrono Boost)  
  35  2:58  Probe (Chrono Boost)  
  36  3:01  Gateway  
  36  3:02  Probe (Chrono Boost)  
  36  3:04  Gateway  
  37  3:08  Probe (Chrono Boost)  
  37  3:12  Probe (Chrono Boost)  
  39  3:18  Pylon  
  40  3:20  Probe (Chrono Boost)  
  40  3:23  Observer  
  40  3:24  Probe (Chrono Boost)  
  42  3:30  Assimilator  
  42  3:32  Assimilator  
  42  3:33  Probe (Chrono Boost)  
  43  3:36  Probe (Chrono Boost)  
  44  3:42  Observer  
  44  3:45  Probe (Chrono Boost)  
  44  3:48  Probe (Chrono Boost)  
  47  3:49  Robotics Bay  
  47  3:51  Pylon  
  47  3:52  Pylon  
  48  3:57  Probe (Chrono Boost)  
  48  4:00  Observer, Probe (Chrono Boost)  
  49  4:09  Probe (Chrono Boost)  
  51  4:12  Probe (Chrono Boost)  
  51  4:15  Stalker x3  
  58  4:21  Probe (Chrono Boost)  
  58  4:30  Probe (Chrono Boost)  
  58  4:35  Colossus  
  58  4:38  Probe (Chrono Boost)  
  56  4:41  Extended Thermal Lance  
  56  4:42  Probe (Chrono Boost)  
  63  4:50  Probe (Chrono Boost)  
  65  4:54  Probe (Chrono Boost)  
  65  4:56  Pylon  
  65  5:02  Probe (Chrono Boost)  
  65  5:03  Stalker  
  68  5:11  Probe (Chrono Boost)  
  70  5:14  Probe (Chrono Boost)  
  70  5:18  Sentry  
  70  5:19  Zealot  
  70  5:20  Nexus  
  74  5:22  Pylon  
  74  5:23  Probe (Chrono Boost)  
  74  5:26  Probe (Chrono Boost)  
  76  5:33  Colossus  
  75  5:36  Pylon  
  81  5:46  Probe x2 (Chrono Boost)  
  81  5:48  Adept  
  81  5:49  Twilight Council  
  85  5:50  Forge  
  85  5:53  Gateway  
  85  5:55  Gateway  
  85  5:59  Stalker  
  85  6:00  Zealot  
  89  6:06  Probe (Chrono Boost)  
  89  6:07  Probe (Chrono Boost)  
  89  6:08  Pylon  
  92  6:22  Zealot  
  92  6:25  Blink  
  93  6:26  Protoss Ground Weapons Level 1, Stalker x2  
  93  6:28  Observer  
  93  6:31  Probe x2 (Chrono Boost)  
  100  6:34  Probe (Chrono Boost)  
  101  6:43  Probe x2 (Chrono Boost)  
  103  6:48  Colossus  
  103  6:49  Probe (Chrono Boost)  
  105  6:55  Probe (Chrono Boost)  
  105  6:59  Stalker  
  113  7:04  Pylon, Probe x2 (Chrono Boost)  
  113  7:05  Pylon  
  113  7:06  Assimilator, Pylon  
  113  7:07  Assimilator  
  113  7:08  Pylon  
  115  7:12  Zealot  
  117  7:19  Pylon, Probe (Chrono Boost)  
  119  7:24  Probe x2 (Chrono Boost)  
  119  7:31  Gateway  
  119  7:32  Gateway  
  119  7:34  Gateway, Stalker x3  
  119  7:36  Pylon  
  125  7:39  Stalker x2  
  125  7:42  Disruptor  
  132  7:58  Zealot x3  
  133  8:04  Adept x2  
  137  8:19  Pylon  
  137  8:20  Pylon  
  130  8:28  Stalker x3  
  130  8:29  Stalker x4  
  130  8:33  Colossus  
  144  8:35  Pylon  
  144  8:37  Pylon  
  144  8:39  Pylon  
  99  8:55  Adept x3  
  99  8:56  Adept x3  
  99  8:58  Stalker  
  111  9:12  Gateway  
  111  9:16  Sentry x2  
  115  9:22  Adept x5  
  121  9:24  Observer  
  84  9:39  Adept x2  

Tags
 
Add a new tag
Caveats
  • Supply blocks, unpowered buildings, or Contaminate may cause inaccurate times.
  • Supply counts are checked every 10 seconds.